 Dungeon Crawl Stone Soup version 0.30-a0-715-gdb4ae3ece1 (webtiles) character file.

Game seed: 5680505845072035274

332 Shayle the Poker (level 6, -3/48 HPs)
             Began as a Demonspawn Reaver on Jan 24, 2023.
             Slain by an ogre
             ... wielding a +0 giant club
              (25 damage)
             ... on level 4 of the Dungeon.
             The game lasted 00:05:01 (3029 turns).

Shayle the Poker (Demonspawn Reaver)                Turns: 3029, Time: 00:05:01

Health: -3/48      AC:  4    Str: 13    XL:     6   Next: 26%
Magic:  9/9        EV: 11    Int: 16    God:
Gold:   114        SH:  0    Dex: 11    Spells: 8/9 levels left

rFire   . . .      SeeInvis .    d - +0 war axe
rCold   . . .      Faith    .    (no shield)
rNeg    . . .      Spirit   .    b - +0 leather armour
rPois   +          Reflect  .    (helmet restricted)
rElec   .          Harm     .    (no cloak)
rCorr   .          Rampage  .    m - +0 pair of gloves
Will    .....                    (no boots)
Stlth   ++                       (no amulet)
HPRegen 0.28/turn                k - ring of poison resistance
MPRegen 0.11/turn                (no ring)

@: no status effects
A: horns 1, demonic guardian 3
a: no special abilities


You were on level 4 of the Dungeon.
You visited 1 branch of the dungeon, and saw 4 of its levels.

You collected 114 gold pieces.

Inventory:

Hand Weapons
 a - a +0 spear
 d - a +0 war axe (weapon)
Armour
 b - a +0 leather armour (worn)
 m - a +0 pair of gloves (worn)
Jewellery
 k - a ring of poison resistance (left hand)
Scrolls
 g - 2 scrolls of teleportation {unknown}
 h - 3 scrolls of fog {unknown}
 i - 5 scrolls of identify {unknown}
 l - a scroll of noise {unknown}
Potions
 c - 2 potions of ambrosia {unknown}
 e - a potion of lignification {unknown}
 f - 3 potions of curing {unknown}
 j - 3 potions of heal wounds
 n - a potion of degeneration {unknown}
 o - a potion of mutation {unknown}


   Skills:
 + Level 3.7 Fighting
 + Level 4.0 Polearms
 - Level 1.7 Dodging
 + Level 2.9 Stealth
 - Level 2.0 Spellcasting
 - Level 3.0 Conjurations
 + Level 2.9 Hexes


You had 8 spell levels left.
You knew the following spells:

 Your Spells              Type           Power      Damage    Failure   Level
a - Kiss of Death         Conj/Necr      24%        2d7       14%         1

Your spell library contained the following spells:

 Spells                   Type           Power      Damage    Failure   Level
 Ensorcelled Hibernation  Hex/Ice        12%        N/A       22%         2
 Momentum Strike          Conj/Tloc      12%        3d8       22%         2
 Lesser Beckoning         Tloc           2%         N/A       36%         2
 Passwall                 Tmut/Erth      0%         N/A       36%         2
 Hailstorm                Conj/Ice       6%         3d4       38%         3
 Gell's Gravitas          Tloc           1%         N/A       61%         3
 Swiftness                Air            1%         N/A       61%         3
 Teleport Other           Tloc           1%         N/A       61%         3


Dungeon Overview and Level Annotations

Branches:
Dungeon (4/15)
 Temple: D:4-7

Altars:

Shops:
D:2 (


Innate Abilities, Weirdness & Mutations

You have a pair of small horns on your head.
A powerful demonic guardian rushes to your aid.


Message History

You hit the quokka.
The quokka is moderately wounded.
The quokka bites you.
The quokka bites you but does no damage.
You hit the quokka.
You kill the quokka!
The ogre hits you with a +0 giant club!
* * * LOW HITPOINT WARNING * * *
You slash the ogre!
You kill the ogre!
Your Polearms skill increases to level 4!
You have reached level 6!
Your demonic ancestry asserts itself...
Your guardian grows in power.
Items here: )) †††.
You start resting.
HP restored.
You see here a staff of fire.
An ogre comes into view. It is wielding a +0 giant club.
The ogre shouts!
A quokka comes into view.
You slash the ogre!
The ogre is moderately wounded.
The ogre barely misses you.
You slash the ogre!
The ogre is severely wounded.
The ogre misses you.
You barely miss the ogre.
The ogre is severely wounded.
The ogre barely misses you.
You closely miss the ogre.
The ogre is severely wounded.
The ogre hits you with a +0 giant club!!
Ouch! That really hurt!
A demonic guardian appears!
You hit the ogre.
The ogre is severely wounded.
The ogre hits you with a +0 giant club!!
Ouch! That really hurt!
You die...

#................[............
#.....<..............########.
#...##..............>..#####..
#. #......)....#####.......#
#.................#.#####
#............#####.....#
#.......(#.............#
#........#O.#..>.#.....#
#.........@...##.......#
#...........3####......#
............#.# #.......#
.#######.##...# #.#.....# .r.
#...###.#.....# ###
##...#..####### ##..|.##
#####.#.### ......#...#


You could see an ogre (ally target), a quokka and a friendly smoke demon
(summoned).

Vanquished Creatures
  An ogre (D:4)
  A necrophage (D:4)
  A jelly (D:4)
  2 adders
  2 worms
  2 dart slugs
  4 orcs
  5 ball pythons
  12 bats
  8 endoplasms
  3 giant cockroaches
  3 goblins
  6 hobgoblins
  2 jackals (D:2)
  2 quokkas
  3 frilled lizards
  5 kobolds
  11 rats
73 creatures vanquished.

Vanquished Creatures (collateral kills)
  An orc priest (D:3)
  A dart slug (D:3)
  2 orcs (D:3)
  3 endoplasms
  A giant cockroach (D:2)
  A goblin (D:2)
  2 hobgoblins (D:2)
  A ball python (D:2)
  A rat (D:2)
13 creatures vanquished.

Grand Total: 86 creatures vanquished

Notes
Turn   | Place    | Note
-------+----------+-------------------------------------------
     0 | D:1      | Shayle the Demonspawn Reaver began the quest for the Orb.
     0 | D:1      | Reached XP level 1. HP: 16/16 MP: 3/3
   225 | D:1      | Gained mutation: A weak demonic guardian rushes to your
                  | aid. [demonic ancestry]
   225 | D:1      | Reached XP level 2. HP: 21/22 MP: 5/5
   345 | D:1      | Found a faded altar of an unknown god.
   483 | D:1      | Reached skill level 1 in Stealth
   483 | D:1      | Reached skill level 1 in Hexes
   578 | D:1      | Reached skill level 3 in Polearms
   958 | D:2      | Gained mutation: A demonic guardian rushes to your aid.
                  | [demonic ancestry]
   958 | D:2      | Reached XP level 3. HP: 21/28 MP: 6/6
  1430 | D:2      | Found Henerid's Antique Weapon Emporium.
  1589 | D:3      | Gained mutation: You have a pair of small horns on your
                  | head. [demonic ancestry]
  1589 | D:3      | Reached XP level 4. HP: 32/34 MP: 7/7
  2411 | D:3      | Reached XP level 5. HP: 17/41 MP: 8/8
  2853 | D:4      | Noticed an ogre
  2872 | D:4      | Killed an ogre
  2873 | D:4      | Reached skill level 4 in Polearms
  2873 | D:4      | Gained mutation: A powerful demonic guardian rushes to your
                  | aid. [demonic ancestry]
  2873 | D:4      | Reached XP level 6. HP: 8/48 MP: 9/9
  3029 | D:4      | Slain by an ogre

Illustrated notes

Levels and vault maps discovered:
D:1:      spicycebolla_green_bress_n_ham, layout_loops_ring,
          nicolae_ecumenical_lake_church
D:2:      layout_basic, serial_shops, nicolae_diamond_shop
D:3:      layout_basic
D:4:      layout_rooms, jmf_multi_god_temple, corexii_checkpoint_a,
          chequers_serial_rivers_micro_d

Skill      XL: |  1  2  3  4  5 |
---------------+----------------+-----
Stealth        | 1 2 |  2.9
Hexes          | 1 2 |  2.9
Polearms       | 3 4 |  4.0
Fighting       | 3 |  3.7
Dodging        | |  1.7
Spellcasting   | |  2.0
Conjurations   | |  3.0

Action                     |  1- 3 |  4- 6 || total
---------------------------+-------+-------++-------
  Melee: Spear             |    35 |       ||    35
         War axe           |   106 |    79 ||   185
         Punch             |     2 |       ||     2
         Headbutt          |       |    18 ||    18
    Use: Potion            |       |     1 ||     1
   Stab: Sleeping          |     3 |     1 ||     4
 Armour: Leather armour    |    45 |    22 ||    67
  Dodge: Dodged            |   114 |    53 ||   167

Table legend: (Time is in decaauts)
 A = Elapsed time spent in this place.
 B = Non-inter-level travel time spent in this place.
 C = Inter-level travel time spent in this place.
 D = Time resting spent in this place.
 E = Time spent auto-exploring this place.
 F = Levels seen in this place.
 G = Mean time per level.
                   A        B        C        D        E       F      G
               +--------+--------+--------+--------+--------+-----+--------+
         Total |   3105 |   3050 |     55 |    139 |   2123 |   4 |  776.2 |
       Dungeon |   3105 |   3050 |     55 |    139 |   2123 |   4 |  776.2 |
               +--------+--------+--------+--------+--------+-----+--------+

Top non-repeatable levels by time:
     D:3: 1054 daAuts
     D:1: 970 daAuts
     D:2: 614 daAuts
     D:4: 465 daAuts
